 Dungeon Crawl Stone Soup version 0.28-a0-751-gef3a642a4e (webtiles) character file.

Game seed: 6638935981818678905

149 dolemite99 the Chopper (level 5, -1/45 HPs)
             Began as a Minotaur Fighter on Oct 31, 2021.
             Slain by Prince Ribbit (6 damage)
             ... on level 5 of the Dungeon.
             The game lasted 00:01:56 (1689 turns).

dolemite99 the Chopper (Minotaur Fighter)           Turns: 1689, Time: 00:01:57

Health: -1/45      AC: 10    Str: 21    XL:     5   Next: 9%
Magic:  4/4        EV:  9    Int:  5    God:
Gold:   95         SH:  4    Dex: 10    Spells: 4/4 levels left

rFire   . . .      SeeInvis .   a - +0 war axe
rCold   . . .      Faith    .   c - +0 buckler
rNeg    . . .      Spirit   .   b - +0 scale mail
rPois   .          Reflect  .   (helmet restricted)
rElec   .          Harm     .   (no cloak)
rCorr   .          Rampage  .   n - +2 pair of gloves
Will    .....                   (no boots)
Stlth   ..........              (no amulet)
HPRegen 0.15/turn               (no ring)
MPRegen 0.09/turn               (no ring)

@: mighty, flying
A: horns 2, retaliatory headbutt
a: no special abilities


You were on level 5 of the Dungeon.
You visited 1 branch of the dungeon, and saw 4 of its levels.

You collected 95 gold pieces.

Inventory:

Hand Weapons
 a - a +0 war axe (weapon)
Missiles
 f - 12 poisoned darts (quivered)
 h - 105 stones
 q - 28 arrows
Armour
 b - a +0 scale mail (worn)
 c - a +0 buckler (worn)
 n - a +2 pair of gloves (worn)
Scrolls
 e - 2 scrolls of enchant armour {unknown}
 g - a scroll of blinking {unknown}
 k - a scroll of vulnerability {unknown}
 l - a scroll of amnesia {unknown}
 m - 2 scrolls of noise {unknown}
 o - a scroll of teleportation {unknown}
Potions
 i - a potion of flight
 p - a potion of degeneration {unknown}
 r - a potion of magic {unknown}


   Skills:
 - Level 3.6 Fighting
 + Level 6.4 Axes
 - Level 3.6 Armour
 - Level 3.6 Shields


You had 4 spell levels left.
You didn't know any spells.
Your spell library was empty.

Dungeon Overview and Level Annotations

Branches:
Dungeon (3/15)

Altars:

Annotations:
D:5 Prince Ribbit


Innate Abilities, Weirdness & Mutations

You have a pair of horns on your head.
You reflexively headbutt those who attack you in melee.


Message History

Prince Ribbit is moderately wounded.
Prince Ribbit hits you. Prince Ribbit hits you!
You miss Prince Ribbit. Your headbutt misses Prince Ribbit.
Prince Ribbit is moderately wounded.
You block Prince Ribbit's attack.
It was a potion of flight.
You feel very buoyant.
You fly up into the air.
Prince Ribbit blinks!
You closely miss Prince Ribbit. Your headbutt misses Prince Ribbit.
Prince Ribbit is moderately wounded.
Prince Ribbit hits you.
* * * LOW HITPOINT WARNING * * *
Prince Ribbit hits you but does no damage.
You miss Prince Ribbit. Your headbutt misses Prince Ribbit.
Prince Ribbit is moderately wounded.
Prince Ribbit blinks!
Prince Ribbit barely misses you.
It was a potion of heal wounds.
You feel much better.
Prince Ribbit catches a blue-tailed skink with his tongue.
Prince Ribbit closely misses you.
You closely miss Prince Ribbit.
Prince Ribbit is moderately wounded.
Prince Ribbit barely misses you. Prince Ribbit hits you!
You slash Prince Ribbit! Your headbutt misses Prince Ribbit.
Prince Ribbit is severely wounded.
Prince Ribbit hits you.
You feel very mighty all of a sudden.
Prince Ribbit blinks!
Prince Ribbit barely misses you. Prince Ribbit hits you!
* * * LOW HITPOINT WARNING * * *
You miss Prince Ribbit.
Prince Ribbit is severely wounded.
Prince Ribbit blinks!
You miss Prince Ribbit.
Prince Ribbit is severely wounded.
Prince Ribbit hits you!
* * * LOW HITPOINT WARNING * * *
You barely miss Prince Ribbit.
Prince Ribbit is severely wounded.
Prince Ribbit hits you.
You die...

.[. .. #. #.# #
####. #.. .#
..#.!##..###.#
#.#..........####
#F#.............#
#@#.#####.#.....#
#.#######.#.#####
#....F....>.#
###########.# ...
###


You could see Prince Ribbit.

Vanquished Creatures
  Jessica (D:3)
  An orc wizard (D:3)
  3 adders
  A gnoll (D:1)
  3 dart slugs (D:1)
  4 orcs (D:3)
  2 endoplasms (D:2)
  4 giant cockroaches
  7 goblins
  2 hobgoblins
  6 jackals
  3 quokkas
  3 ball pythons
  4 bats
  5 frilled lizards
  A kobold (D:2)
  3 rats
53 creatures vanquished.

Notes
Turn   | Place    | Note
-------+----------+-------------------------------------------
     0 | D:1      | dolemite99 the Minotaur Fighter began the quest for the
                  | Orb.
     0 | D:1      | Reached XP level 1. HP: 19/19 MP: 0/0
    85 | D:1      | Reached skill level 3 in Axes
    85 | D:1      | Reached XP level 2. HP: 26/26 MP: 1/1
   146 | D:1      | Reached skill level 4 in Axes
   407 | D:1      | Reached XP level 3. HP: 31/31 MP: 2/2
   845 | D:2      | Reached skill level 5 in Axes
  1110 | D:2      | Reached XP level 4. HP: 39/39 MP: 3/3
  1465 | D:3      | Noticed Jessica
  1466 | D:3      | Killed Jessica
  1562 | D:3      | Reached skill level 6 in Axes
  1597 | D:3      | Reached XP level 5. HP: 45/45 MP: 4/4
  1656 | D:3      | You fall into a shaft and drop 2 floors!
  1656 | D:5      | Entered Level 5 of the Dungeon
  1666 | D:5      | Noticed Prince Ribbit
  1689 | D:5      | Slain by Prince Ribbit

Illustrated notes

Levels and vault maps discovered:
D:1:      dpeg_arrival_boxorama, layout_basic
D:2:      layout_loops_ring
D:3:      layout_loops_ring, uniq_jessica
D:5:      layout_basic, minmay_temple_entry_statues_fountains, uniq_edmund,
          uniq_sigmund, uniq_prince_ribbit1

Skill      XL: |  1  2  3  4 |
---------------+-------------+-----
Axes           | 3 4 5 6 |  6.4
Fighting       | |  3.6
Armour         | |  3.6
Shields        | |  3.6

Action                   |  1- 3 |  4- 6 || total
-------------------------+-------+-------++-------
Melee: War axe           |    59 |    45 ||   104
       Headbutt          |    10 |     1 ||    11
Throw: Dart              |    56 |    12 ||    68
  Use: Potion            |       |     3 ||     3
Armor: Scale mail        |    26 |    17 ||    43
Dodge: Dodged            |    30 |    20 ||    50
Block: Buckler           |     9 |     5 ||    14

Table legend: (Time is in decaauts)
 A = Elapsed time spent in this place.
 B = Non-inter-level travel time spent in this place.
 C = Inter-level travel time spent in this place.
 D = Time resting spent in this place.
 E = Time spent auto-exploring this place.
 F = Levels seen in this place.
 G = Mean time per level.
                   A        B        C        D        E       F      G
               +--------+--------+--------+--------+--------+-----+--------+
         Total |   1714 |   1700 |     14 |     85 |   1157 |   4 |  428.5 |
       Dungeon |   1714 |   1700 |     14 |     85 |   1157 |   4 |  428.5 |
               +--------+--------+--------+--------+--------+-----+--------+

Top non-repeatable levels by time:
     D:1: 769 daAuts
     D:2: 636 daAuts
     D:3: 273 daAuts
     D:5: 35 daAuts
